 Dungeon Crawl Stone Soup version 0.29-a0-617-g7a6b98fccd (webtiles) character file.

Game seed: 6202395417312403165

1 IdlyInterested the Skirmisher (level 1, 0/18 HPs)
             Began as a Demonspawn Fighter on June 17, 2022.
             Slain by a kobold
             ... wielding a +2 short sword of holy wrath
              (1 damage)
             ... on level 1 of the Dungeon.
             The game lasted 00:00:16 (25 turns).

IdlyInterested the Skirmisher (Demonspawn Fighter)    Turns: 25, Time: 00:00:17

Health: 0/18       AC:  6    Str: 16    XL:     1   Next: 16%
Magic:  1/1        EV:  8    Int:  9    God:
Gold:   0          SH:  4    Dex: 12    Spells: 0/0 levels left

rFire   . . .      SeeInvis .   a - +0 war axe
rCold   . . .      Faith    .   c - +0 buckler
rNeg    . . .      Spirit   .   b - +0 scale mail
rPois   .          Reflect  .   (no helmet)
rElec   .          Harm     .   (no cloak)
rCorr   .          Rampage  .   (no gloves)
Will    .....                   (no boots)
Stlth   ..........              (no amulet)
HPRegen 0.06/turn               (no ring)
MPRegen 0.07/turn               (no ring)

@: no status effects
A: no striking features
a: no special abilities


You were on level 1 of the Dungeon.
You visited 1 branch of the dungeon, and saw 1 of its levels.

Inventory:

Hand Weapons
 a - a +0 war axe (weapon)
Armour
 b - a +0 scale mail (worn)
 c - a +0 buckler (worn)
Potions
 d - a potion of might


   Skills:
 - Level 3.0 Fighting
 * Level 1.8 Axes
 * Level 2.7 Armour
 - Level 2.6 Shields


You couldn't memorise any spells.
You didn't know any spells.
Your spell library was empty.

Dungeon Overview and Level Annotations

Branches:
Dungeon (1/15)

Altars:


Message History

You kill the frilled lizard!
A kobold comes into view.
It is wielding a +2 short sword of holy wrath.
The kobold shouts!
You see here a frilled lizard corpse.
A kobold is nearby!
A ball python comes into view.
The ball python hisses angrily.
You hear a shout!
You hear an angry hiss.
A kobold comes into view. It is wielding a +0 short sword.
A giant cockroach comes into view.
The kobold shouts!
You hear a shout!
A ball python comes into view.
A kobold comes into view. It is wielding a +0 short sword.
The kobold hits you with a +2 short sword of holy wrath.
You convulse.
A kobold comes into view. It is wielding a +0 whip.
The ball python moves out of view.
You completely miss the ball python. You closely miss the kobold.
The ball python closely misses you. The ball python grabs you.
The ball python constricts you. You block the kobold's attack.
The ball python bites you but does no damage.
The ball python constricts you.
You closely miss the kobold. You hit the ball python.
You kill the ball python!
The kobold barely misses you.
The kobold hits you with a +2 short sword of holy wrath.
You convulse.
The kobold barely misses you.
You barely miss the kobold. You hit the kobold.
The kobold hits you with a +2 short sword of holy wrath.
You convulse.
* * * LOW HITPOINT WARNING * * *
You block the kobold's attack.
Unknown command.
You miss the kobold. You hit the kobold but do no damage.
You barely miss the giant cockroach.
The giant cockroach bites you but does no damage.
The kobold barely misses you.
The kobold hits you with a +2 short sword of holy wrath.
* * * LOW HITPOINT WARNING * * *
You convulse.
You die...

...# .. ...##.. .##
###.#..S# ..
#.......## #....#.#
#....K.... #....#..
#......... #....
#.##.KKK.....
#....##..#.@B.?....
#.....##...........
#....##...........
.###....##†..........
.....................
###....###.###......
#....# #.# #+####
#....# #..
####....####.#


You could see a giant cockroach, a ball python and 4 kobolds.

Vanquished Creatures
  A ball python (D:1)
  A frilled lizard (D:1)
2 creatures vanquished.

Notes
Turn   | Place    | Note
-------+----------+-------------------------------------------
     0 | D:1      | IdlyInterested the Demonspawn Fighter began the quest for
                  | the Orb.
     0 | D:1      | Reached XP level 1. HP: 18/18 MP: 1/1
    25 | D:1      | Slain by a kobold

Illustrated notes

Levels and vault maps discovered:
D:1:      dpeg_arrival_simpleton_b, layout_basic,
          shapermc_ecumenical_altar_notcrosses, minmay_hexomino_c4

Action                   || total
-------------------------++-------
Melee: War axe           ||     5
Armor: Scale mail        ||     3
Dodge: Dodged            ||     4
Block: Buckler           ||     2

Table legend: (Time is in decaauts)
 A = Elapsed time spent in this place.
 B = Non-inter-level travel time spent in this place.
 C = Inter-level travel time spent in this place.
 D = Time resting spent in this place.
 E = Time spent auto-exploring this place.
 F = Levels seen in this place.
 G = Mean time per level.
                   A        B        C        D        E       F      G
               +--------+--------+--------+--------+--------+-----+--------+
         Total |     26 |     26 |      0 |      0 |     14 |   1 |   26.0 |
       Dungeon |     26 |     26 |      0 |      0 |     14 |   1 |   26.0 |
               +--------+--------+--------+--------+--------+-----+--------+

Top non-repeatable levels by time:
     D:1: 26 daAuts
